[ AOE2 MATCH · #506615725 ]
UnrankedBulgarians vs Huns
Player's team · LOSS
Rival team · WIN
[ REPLAY ANALYSIS · EXTRACTED FROM THE RECORDED GAME ]
Feudal
9:51
Castle
24:05
Imperial
—
| APM avg | 46.7 |
| APM peak | 93 |
| eAPM avg | 20.9 |
| Villagers / military | 79 / 138 |
Focus
⚔️ 33.4% · 🌾 66.6%
Skirmisher ×59 · Konnik ×49 · Militia ×16 · Knight ×7 · Spearman ×7
Feudal
8:54
Castle
22:35
Imperial
45:42
| APM avg | 52.8 |
| APM peak | 83 |
| eAPM avg | 29.4 |
| Villagers / military | 186 / 107 |
Focus
⚔️ 45.2% · 🌾 54.8%
Cavalry Archer ×34 · Knight ×28 · Tarkan ×19 · Monk ×7 · Skirmisher ×7 · Archer ×6
Match map
Initial resources + every placement click. Lines = walls · curves = elevation contours. ◆ gold · ⬟ stone · ● berries · ✦ relic · ◌ wall gap
Your base· ✓ Closed at 24:05 · 95t walls · 1 gate(s) · fragile
chanchanvn's base· ✓ Closed at 22:35 · 84t walls · 2 gate(s)
Smoothed initial terrain · ◌ = detected wall gap · hover for details
Inputs per minute
— (***AlBy_Bkr***) - - chanchanvn
Build order — (***AlBy_Bkr***)
First 150 of 305 actions detected
| 0:00 | Queue | Villager (Male) |
| 0:00 | Queue | Villager (Male) |
| 0:01 | Queue | Villager (Male) |
| 0:01 | Queue | Villager (Male) |
| 0:02 | Build | House |
| 0:03 | Build | House |
| 1:22 | Queue | Villager (Male) |
| 1:59 | Queue | Villager (Male) |
| 1:59 | Queue | Villager (Male) |
| 2:17 | Queue | Villager (Male) |
| 2:17 | Queue | Villager (Male) |
| 2:42 | Queue | Villager (Male) |
| 2:42 | Queue | Villager (Male) |
| 2:59 | Build | Lumber Camp |
| 3:15 | Queue | Villager (Male) |
| 3:15 | Queue | Villager (Male) |
| 3:24 | Build | House |
| 3:25 | Build | House |
| 3:37 | Queue | Villager (Male) |
| 3:38 | Queue | Villager (Male) |
| 3:58 | Queue | Villager (Male) |
| 3:58 | Queue | Villager (Male) |
| 4:25 | Queue | Villager (Male) |
| 4:25 | Queue | Villager (Male) |
| 4:45 | Queue | Villager (Male) |
| 5:26 | Queue | Villager (Male) |
| 5:53 | Queue | Villager (Male) |
| 5:54 | Research | Loom |
| 6:02 | Queue | Villager (Male) |
| 6:02 | Research | Loom |
| 6:43 | Build | Barracks |
| 6:54 | Build | House |
| 7:41 | Research | Feudal Age |
| 7:42 | Research | Feudal Age |
| 7:43 | Queue | Militia |
| 7:46 | Build | Mill |
| 8:05 | Queue | Militia |
| 8:19 | Queue | Militia |
| 8:23 | Build | Palisade Wall |
| 8:37 | Build | House |
| 8:41 | Queue | Militia |
| 9:39 | Queue | Villager (Male) |
| 9:51 | Age | Feudal Age |
| 9:52 | Build | Watch Tower |
| 9:56 | Queue | Villager (Male) |
| 9:57 | Build | Blacksmith |
| 9:58 | Queue | Spearman |
| 10:15 | Build | Farm |
| 10:17 | Build | Farm |
| 10:18 | Queue | Villager (Male) |
| 10:35 | Build | House |
| 10:49 | Build | House |
| 11:08 | Build | Archery Range |
| 11:13 | Queue | Villager (Male) |
| 11:15 | Build | Farm |
| 11:21 | Build | Palisade Wall |
| 11:42 | Queue | Skirmisher |
| 11:44 | Research | Scale Mail Armor |
| 11:44 | Research | Scale Mail Armor |
| 11:48 | Queue | Spearman |
| 12:05 | Queue | Skirmisher |
| 12:08 | Build | House |
| 12:18 | Queue | Spearman |
| 12:28 | Build | Farm |
| 12:28 | Build | Farm |
| 12:46 | Queue | Villager (Male) |
| 12:57 | Queue | Villager (Male) |
| 13:16 | Build | Palisade Wall |
| 13:17 | Queue | Villager (Male) |
| 13:19 | Build | Farm |
| 13:19 | Build | Farm |
| 13:28 | Queue | Skirmisher |
| 13:35 | Build | House |
| 13:41 | Research | Padded Archer Armor |
| 13:41 | Research | Padded Archer Armor |
| 13:50 | Queue | Skirmisher |
| 13:50 | Queue | Skirmisher |
| 13:59 | Build | House |
| 14:11 | Queue | Skirmisher |
| 14:15 | Queue | Villager (Male) |
| 14:20 | Build | House |
| 14:31 | Build | Palisade Wall |
| 14:49 | Build | Palisade Wall |
| 14:50 | Build | Palisade Wall |
| 14:50 | Build | Palisade Wall |
| 14:59 | Queue | Skirmisher |
| 15:12 | Build | Mining Camp |
| 15:13 | Queue | Villager (Male) |
| 15:15 | Build | Farm |
| 15:19 | Build | Palisade Wall |
| 15:20 | Build | Palisade Wall |
| 15:44 | Queue | Villager (Male) |
| 15:46 | Research | Forging |
| 15:46 | Queue | Villager (Male) |
| 15:49 | Build | Farm |
| 15:50 | Build | Farm |
| 15:52 | Build | Farm |
| 15:53 | Queue | Villager (Male) |
| 15:54 | Build | Palisade Wall |
| 15:57 | Build | Palisade Wall |
| 16:37 | Queue | Skirmisher |
| 16:38 | Queue | Villager (Male) |
| 16:42 | Build | Mining Camp |
| 16:50 | Build | Palisade Wall |
| 16:51 | Queue | Villager (Male) |
| 17:01 | Build | Palisade Wall |
| 17:18 | Queue | Villager (Male) |
| 17:19 | Build | Farm |
| 17:20 | Build | Farm |
| 17:33 | Build | Palisade Wall |
| 17:50 | Research | Fletching |
| 18:02 | Build | Palisade Wall |
| 18:04 | Build | Palisade Wall |
| 18:13 | Queue | Villager (Male) |
| 18:13 | Queue | Villager (Male) |
| 18:14 | Build | Farm |
| 18:15 | Build | Farm |
| 18:16 | Build | Farm |
| 18:36 | Queue | Villager (Male) |
| 18:39 | Build | Farm |
| 18:39 | Build | Farm |
| 19:00 | Queue | Villager (Male) |
| 19:08 | Build | Farm |
| 19:41 | Research | Wheelbarrow |
| 19:41 | Research | Wheelbarrow |
| 19:58 | Build | House |
| 20:28 | Build | Farm |
| 20:30 | Build | Farm |
| 21:25 | Research | Castle Age |
| 21:28 | Build | Archery Range |
| 21:36 | Queue | Skirmisher |
| 22:01 | Queue | Villager (Male) |
| 22:02 | Queue | Militia |
| 22:03 | Queue | Militia |
| 22:05 | Build | Palisade Gate |
| 22:09 | Queue | Skirmisher |
| 22:09 | Queue | Skirmisher |
| 22:28 | Queue | Villager (Male) |
| 22:34 | Build | Mining Camp |
| 22:40 | Queue | Skirmisher |
| 22:40 | Queue | Skirmisher |
| 22:48 | Queue | Skirmisher |
| 22:51 | Queue | Militia |
| 22:51 | Queue | Militia |
| 22:51 | Queue | Militia |
| 23:08 | Research | Double-Bit Axe |
| 23:25 | Build | Mining Camp |
| 23:47 | Queue | Militia |
| 23:47 | Queue | Militia |
| 23:48 | Queue | Villager (Male) |
Build order — chanchanvn
First 150 of 461 actions detected
| 0:00 | Queue | Villager (Male) |
| 0:07 | Queue | Villager (Male) |
| 0:07 | Queue | Villager (Male) |
| 0:07 | Queue | Villager (Male) |
| 1:26 | Queue | Villager (Male) |
| 1:26 | Queue | Villager (Male) |
| 1:48 | Build | Lumber Camp |
| 1:49 | Queue | Villager (Male) |
| 1:49 | Queue | Villager (Male) |
| 2:05 | Queue | Villager (Male) |
| 2:34 | Queue | Villager (Male) |
| 2:49 | Queue | Villager (Male) |
| 3:24 | Queue | Villager (Male) |
| 3:24 | Queue | Villager (Male) |
| 3:24 | Queue | Villager (Male) |
| 3:48 | Queue | Villager (Male) |
| 3:48 | Queue | Villager (Male) |
| 4:09 | Queue | Villager (Male) |
| 4:09 | Queue | Villager (Male) |
| 4:09 | Queue | Villager (Male) |
| 4:15 | Build | Mill |
| 4:48 | Queue | Villager (Male) |
| 5:04 | Queue | Villager (Male) |
| 5:09 | Queue | Villager (Male) |
| 5:09 | Queue | Villager (Male) |
| 5:10 | Queue | Villager (Male) |
| 5:13 | Queue | Villager (Male) |
| 5:13 | Queue | Villager (Male) |
| 5:24 | Build | Palisade Gate |
| 6:09 | Research | Loom |
| 6:16 | Build | Palisade Wall |
| 6:18 | Build | Palisade Wall |
| 6:21 | Build | Palisade Wall |
| 6:44 | Research | Feudal Age |
| 6:44 | Research | Feudal Age |
| 7:18 | Build | Barracks |
| 7:26 | Queue | Villager (Male) |
| 7:30 | Build | Palisade Wall |
| 7:31 | Build | Palisade Wall |
| 7:41 | Queue | Villager (Male) |
| 7:53 | Build | Palisade Gate |
| 8:28 | Build | Palisade Wall |
| 8:37 | Queue | Villager (Male) |
| 8:54 | Age | Feudal Age |
| 8:56 | Build | Stable |
| 8:57 | Build | Palisade Wall |
| 9:04 | Queue | Villager (Male) |
| 9:05 | Research | Double-Bit Axe |
| 9:05 | Research | Double-Bit Axe |
| 9:11 | Build | Palisade Wall |
| 9:20 | Build | Palisade Wall |
| 9:29 | Build | Palisade Wall |
| 9:44 | Queue | Villager (Male) |
| 9:52 | Queue | Villager (Male) |
| 9:56 | Build | Palisade Wall |
| 10:07 | Build | Archery Range |
| 10:12 | Queue | Scout Cavalry |
| 10:22 | Queue | Scout Cavalry |
| 10:29 | Build | Palisade Wall |
| 10:33 | Queue | Scout Cavalry |
| 10:47 | Build | Mining Camp |
| 10:54 | Queue | Skirmisher |
| 11:23 | Queue | Skirmisher |
| 11:27 | Build | Palisade Wall |
| 11:31 | Build | Mill |
| 11:33 | Queue | Archer |
| 11:35 | Queue | Villager (Male) |
| 11:49 | Queue | Villager (Male) |
| 11:51 | Build | Farm |
| 12:03 | Queue | Archer |
| 12:07 | Build | Farm |
| 12:28 | Build | Farm |
| 12:41 | Queue | Villager (Male) |
| 12:45 | Build | Farm |
| 13:13 | Queue | Villager (Male) |
| 13:22 | Build | Palisade Wall |
| 13:27 | Queue | Villager (Male) |
| 13:33 | Build | Farm |
| 13:38 | Build | Farm |
| 13:41 | Build | Farm |
| 13:58 | Build | Palisade Wall |
| 14:05 | Queue | Villager (Male) |
| 14:05 | Queue | Villager (Male) |
| 14:09 | Build | Farm |
| 14:29 | Queue | Villager (Male) |
| 14:29 | Queue | Villager (Male) |
| 14:33 | Build | Blacksmith |
| 14:59 | Queue | Skirmisher |
| 15:00 | Queue | Villager (Male) |
| 15:01 | Queue | Villager (Male) |
| 15:09 | Queue | Villager (Male) |
| 15:12 | Build | Farm |
| 15:28 | Build | Watch Tower |
| 15:38 | Queue | Villager (Male) |
| 15:56 | Queue | Villager (Male) |
| 15:57 | Queue | Villager (Male) |
| 15:59 | Build | Farm |
| 15:59 | Queue | Villager (Male) |
| 16:23 | Queue | Villager (Male) |
| 16:24 | Queue | Villager (Male) |
| 16:29 | Build | Farm |
| 16:31 | Queue | Villager (Male) |
| 16:36 | Build | Farm |
| 16:39 | Queue | Villager (Male) |
| 16:45 | Build | Palisade Wall |
| 16:48 | Build | Palisade Wall |
| 16:52 | Queue | Skirmisher |
| 17:00 | Queue | Villager (Male) |
| 17:01 | Queue | Villager (Male) |
| 17:03 | Queue | Villager (Male) |
| 17:05 | Build | Farm |
| 17:06 | Queue | Villager (Male) |
| 17:19 | Research | Fletching |
| 17:22 | Queue | Skirmisher |
| 17:27 | Queue | Archer |
| 17:47 | Queue | Villager (Male) |
| 17:48 | Queue | Villager (Male) |
| 17:52 | Queue | Skirmisher |
| 17:56 | Queue | Villager (Male) |
| 17:58 | Build | Farm |
| 18:19 | Build | Palisade Wall |
| 18:39 | Queue | Villager (Male) |
| 18:39 | Queue | Villager (Male) |
| 18:44 | Build | Farm |
| 18:45 | Build | Farm |
| 18:51 | Queue | Archer |
| 19:09 | Build | Farm |
| 19:33 | Build | Mining Camp |
| 19:50 | Research | Castle Age |
| 19:51 | Research | Castle Age |
| 19:53 | Build | Stone Wall |
| 20:29 | Research | Scale Barding Armor |
| 20:29 | Research | Scale Barding Armor |
| 20:31 | Build | Stable |
| 20:33 | Build | Farm |
| 20:34 | Build | Farm |
| 21:21 | Queue | Skirmisher |
| 21:26 | Research | Bloodlines |
| 21:26 | Research | Bloodlines |
| 21:35 | Queue | Archer |
| 21:45 | Build | Farm |
| 22:24 | Build | Palisade Wall |
| 22:25 | Build | Palisade Wall |
| 22:31 | Build | Palisade Wall |
| 22:32 | Build | Palisade Wall |
| 22:35 | Age | Castle Age |
| 22:37 | Build | Stable |
| 22:38 | Queue | Knight |
| 22:39 | Research | Bow Saw |
| 22:40 | Research | Bow Saw |
Match timeline
| 6:16 | chanchanvn · wall_segment Palisade Wall x1 |
| 6:18 | chanchanvn · wall_segment Palisade Wall x1 |
| 6:21 | chanchanvn · wall_segment Palisade Wall x1 |
| 6:43 | (***AlBy_Bkr***) · first_building Barracks |
| 7:18 | chanchanvn · first_building Barracks |
| 7:30 | chanchanvn · wall_segment Palisade Wall x9 |
| 7:31 | chanchanvn · wall_segment Palisade Wall x6 |
| 8:23 | (***AlBy_Bkr***) · wall_segment Palisade Wall x2 |
| 8:28 | chanchanvn · wall_segment Palisade Wall x5 |
| 8:54 | chanchanvn · age_up feudal |
| 8:56 | chanchanvn · first_building Stable |
| 8:57 | chanchanvn · wall_segment Palisade Wall x1 |
| 9:11 | chanchanvn · wall_segment Palisade Wall x10 |
| 9:20 | chanchanvn · wall_segment Palisade Wall x1 |
| 9:29 | chanchanvn · wall_segment Palisade Wall x1 |
| 9:51 | (***AlBy_Bkr***) · age_up feudal |
| 9:56 | chanchanvn · wall_segment Palisade Wall x1 |
| 10:07 | chanchanvn · first_building Archery Range |
| 10:29 | chanchanvn · wall_segment Palisade Wall x6 |
| 11:08 | (***AlBy_Bkr***) · first_building Archery Range |
| 11:21 | (***AlBy_Bkr***) · wall_segment Palisade Wall x17 |
| 11:27 | chanchanvn · wall_segment Palisade Wall x1 |
| 13:16 | (***AlBy_Bkr***) · wall_segment Palisade Wall x6 |
| 13:22 | chanchanvn · wall_segment Palisade Wall x1 |
| 13:58 | chanchanvn · wall_segment Palisade Wall x1 |
| 14:31 | (***AlBy_Bkr***) · wall_segment Palisade Wall x8 |
| 14:49 | (***AlBy_Bkr***) · wall_segment Palisade Wall x1 |
| 14:50 | (***AlBy_Bkr***) · wall_segment Palisade Wall x1 |
| 14:50 | (***AlBy_Bkr***) · wall_segment Palisade Wall x1 |
| 15:19 | (***AlBy_Bkr***) · wall_segment Palisade Wall x12 |
| 15:20 | (***AlBy_Bkr***) · wall_segment Palisade Wall x11 |
| 15:54 | (***AlBy_Bkr***) · wall_segment Palisade Wall x12 |
| 15:57 | (***AlBy_Bkr***) · wall_segment Palisade Wall x6 |
| 16:45 | chanchanvn · wall_segment Palisade Wall x12 |
| 16:48 | chanchanvn · wall_segment Palisade Wall x11 |
| 16:50 | (***AlBy_Bkr***) · wall_segment Palisade Wall x6 |
| 17:01 | (***AlBy_Bkr***) · wall_segment Palisade Wall x10 |
| 17:33 | (***AlBy_Bkr***) · wall_segment Palisade Wall x1 |
| 18:02 | (***AlBy_Bkr***) · wall_segment Palisade Wall x1 |
| 18:04 | (***AlBy_Bkr***) · wall_segment Palisade Wall x1 |
| 18:19 | chanchanvn · wall_segment Palisade Wall x8 |
| 19:53 | chanchanvn · wall_segment Stone Wall x1 |
| 22:24 | chanchanvn · wall_segment Palisade Wall x2 |
| 22:25 | chanchanvn · wall_segment Palisade Wall x5 |
| 22:31 | chanchanvn · wall_segment Palisade Wall x3 |
| 22:32 | chanchanvn · wall_segment Palisade Wall x1 |
| 22:35 | chanchanvn · age_up castle |
| 22:54 | chanchanvn · wall_segment Palisade Wall x1 |
| 22:59 | chanchanvn · wall_segment Palisade Wall x1 |
| 23:21 | chanchanvn · wall_segment Palisade Wall x1 |
| 24:05 | (***AlBy_Bkr***) · age_up castle |
| 24:27 | (***AlBy_Bkr***) · first_building Stable |
| 26:38 | chanchanvn · first_building Monastery |
| 27:10 | (***AlBy_Bkr***) · first_building Krepost |
| 27:26 | (***AlBy_Bkr***) · wall_segment Palisade Wall x17 |
| 28:57 | chanchanvn · first_building Castle |
| 29:05 | (***AlBy_Bkr***) · first_market_sell 100 stone |
| 30:06 | (***AlBy_Bkr***) · wall_segment Palisade Wall x1 |
| 31:25 | (***AlBy_Bkr***) · wall_segment Palisade Wall x1 |
| 31:46 | (***AlBy_Bkr***) · first_market_buy 100 wood |
| 32:30 | (***AlBy_Bkr***) · wall_segment Palisade Wall x6 |
| 33:14 | chanchanvn · wall_segment Palisade Wall x14 |
| 33:21 | (***AlBy_Bkr***) · wall_segment Palisade Wall x1 |
| 35:26 | chanchanvn · wall_segment Palisade Wall x1 |
| 36:45 | chanchanvn · wall_segment Palisade Wall x1 |
| 39:06 | chanchanvn · wall_segment Stone Wall x1 |
| 39:08 | chanchanvn · wall_segment Stone Wall x1 |
| 39:57 | (***AlBy_Bkr***) · wall_segment Palisade Wall x3 |
| 40:18 | chanchanvn · first_market_buy 100 wood |
| 41:22 | (***AlBy_Bkr***) · wall_segment Palisade Wall x1 |
| 41:24 | (***AlBy_Bkr***) · wall_segment Palisade Wall x1 |
| 42:29 | chanchanvn · first_market_sell 500 wood |
| 45:42 | chanchanvn · age_up imperial |
| 46:23 | (***AlBy_Bkr***) · resign |
[ AI ANALYSIS · 1 CREDIT ]
What really happened in this match?
Wolo.gg analyzes every decision: build order, eco, micro, common mistakes by bracket. Personalized analysis on WhatsApp or Discord in 30 seconds.
Civ guide
Bulgarians
Perfil
(***AlBy_Bkr***)